 Dungeon Crawl Stone Soup version 0.23-a0-242-g2b5ca64 (console) character file.

63 Voker57 the Stinger (level 3, -1/24 HPs)
             Began as a Demonspawn Venom Mage on Sept 28, 2018.
             Slain by an orc
             ... wielding a +0 war axe
              (11 damage)
             ... on level 3 of the Dungeon.
             The game lasted 00:04:35 (1704 turns).

Voker57 the Stinger (Demonspawn Venom Mage)         Turns: 1704, Time: 00:04:35

Health: -1/24      AC:  2    Str:  8    XL:     3   Next: 87%
Magic:  1/6        EV: 13    Int: 17    God:
Gold:   100        SH:  0    Dex: 13    Spells: 4/7 levels left

rFire    . . .     SeeInvis .   i - +0 mace
rCold    . . .     Gourm    .   (no shield)
rNeg     . . .     Faith    .   a - +0 robe
rPois    .         Spirit   .   (helmet restricted)
rElec    .         Reflect  .   (no cloak)
rCorr    .         Harm     .   (no gloves)
MR       .....                  (no boots)
Stlth    ++........             (no amulet)
HPRegen  0.08/turn              (no ring)
MPRegen  0.10/turn              (no ring)

@: no status effects
A: antennae 1
a: no special abilities


You were on level 3 of the Dungeon.
You were not hungry.

You visited 1 branch of the dungeon, and saw 3 of its levels.

You collected 100 gold pieces.

Inventory:

Hand Weapons
 i - a +0 mace (weapon)
Armour
 a - a +0 robe (worn)
 f - a +0 helmet
Potions
 b - a potion of degeneration
Comestibles
 c - 5 rations


   Skills:
 + Level 2.6 Dodging
 - Level 1.7 Stealth
 + Level 2.5 Spellcasting
 + Level 2.1 Conjurations
 - Level 3.3 Poison Magic


You had 4 spell levels left.
You knew the following spells:

 Your Spells              Type           Power        Failure   Level  Hunger
a - Sting                 Conj/Pois      ##..         6%          1    #......
b - Poisonous Vapours     Pois/Air       #.....       14%         2    ##.....

Your spell library contained the following spells:

 Spells                   Type           Power        Failure   Level  Hunger
 Mephitic Cloud           Conj/Pois/Air  #.......     26%         3    ###....
 Olgreb's Toxic Radiance  Pois           ##......     43%         4    #####..
 Venom Bolt               Conj/Pois      ##........   86%         5    ######.


Dungeon Overview and Level Annotations

Branches:
Dungeon (3/15)

Altars:

Annotations:
D:2 Sigmund


Innate Abilities, Weirdness & Mutations

You have a pair of small antennae on your head.


Message History

Confirm with . or Enter, or press ? or * to list all spells.
Aiming: Sting (safe; 7% risk of failure)
Press: ? - help, Shift-Dir - straight line, f/p - orc wizard
Aim: an orc wizard, wielding a dagger and wearing a robe (severely wounded)
The sting misses the orc wizard.
The orc wizard points at you and mumbles some strange words.
The magic dart hits you!
You hit the orc wizard.
The orc wizard is almost dead.
The orc wizard gestures at you while chanting.
You resist with significant effort.
You hit the orc wizard but do no damage.
The orc wizard is almost dead.
The orc wizard points at you and mumbles some strange words.
You resist with significant effort.
You hit the orc wizard.
You kill the orc wizard!
Your Conjurations skill increases to level 2!
The orc hits you with a war axe!
You die...

.# o# .# #####
####o####
#...###.......##
####@##.#......?
##o#.#...#
#....<.#
#.#.##.#
#$##...... ..#
####.##.# .o#
... [. o..# .##.
## .8. .# .( .#


You could see an orc.

Vanquished Creatures
  An orc wizard (D:3)
  A gnoll (D:2)
  2 dart slugs (D:1)
  3 bats
  A giant cockroach (D:1)
  4 goblins (D:1)
  A hobgoblin (D:1)
  5 jackals
  2 rats (D:1)
20 creatures vanquished.

Notes
Turn   | Place    | Note
-------+----------+-------------------------------------------
     0 | D:1      | Voker57 the Demonspawn Venom Mage began the quest for the
                  | Orb.
     0 | D:1      | Reached XP level 1. HP: 13/13 MP: 3/3
   306 | D:1      | Gained mutation: You have a pair of small antennae on your
                  | head. [demonic ancestry]
   306 | D:1      | Reached XP level 2. HP: 19/19 MP: 1/5
  1525 | D:2      | Noticed Sigmund
  1530 | D:2      | Learned a level 2 spell: Poisonous Vapours
  1677 | D:2      | Reached XP level 3. HP: 24/24 MP: 1/6
  1704 | D:3      | Slain by an orc

Vault maps used:
D:1:      co_arrival_square_in_a_square_in_a_square,
          hangedman_abyss_or_decor_stabs
D:2:      cheibrodos_helix_gallery, overflow_temple_1_default, uniq_natasha,
          uniq_sigmund, uniq_robin, uniq_jessica
D:3:      grunt_ministairs_10, minmay_misc_feat_iff, st_stairs_2, uniq_grinder

Skill      XL: |  1  2  3 |
---------------+----------+-----
Dodging        | 2 |  2.6
Conjurations   | 2 |  2.1
Stealth        | |  1.7
Spellcasting   | |  2.5
Poison Magic   | |  3.3

Action                   || total
-------------------------++-------
Melee: Unarmed           ||    15
       Mace              ||     8
 Cast: Sting             ||    43
       Poisonous Vapours ||     3
  Use: Scroll            ||     3
  Eat: Chunk             ||     3
Armor: Robe              ||    16
Dodge: Dodged            ||    40

Table legend:
 A = Non-vault XP
 B = Vault XP
 C = Vault XP percentage of total XP
 D = Non-vault monster count
 E = Vault monster count
 F = Vault count percentage of total count
                 A         B        C        D         E       F
            +---------+---------+-------+---------+---------+-------
      Total |      90 |       0 |   0.0 |      20 |       0 |   0.0
            +---------+---------+-------+---------+---------+-------
        D:1 |      29 |       0 |   0.0 |      14 |       0 |   0.0
        D:2 |      21 |       0 |   0.0 |       5 |       0 |   0.0
        D:3 |      40 |       0 |   0.0 |       1 |       0 |   0.0
            +---------+---------+-------+---------+---------+-------
